 Dungeon Crawl Stone Soup version 0.30-a0-845-g7c6808c8ce (webtiles) character file.

Game seed: 8227912776252542107

26234 Conn the Arsonist (level 13, -5/76 HPs)
             Began as an Octopode Fire Elementalist on Mar 3, 2023.
             Was a High Priest of Sif Muna.
             Slain by a skyshark (27 damage)
             ... on level 2 of the Lair of Beasts.
             The game lasted 01:26:20 (16359 turns).

Conn the Arsonist (Octopode Fire Elementalist)     Turns: 16359, Time: 01:26:20

Health: -5/76      AC:  7    Str:  7    XL:     13   Next: 24%
Magic:  43/45      EV: 18    Int: 25    God:    Sif Muna [*****.]
Gold:   70         SH: 11    Dex: 13    Spells: 10/33 levels left

rFire   . . .      SeeInvis +    x - +2 dagger (protect)
rCold   . . .      Faith    .    q - +2 kite shield
rNeg    + . .      Spirit   .    o - +2 hat {SInv}
rPois   +          Reflect  .    (no amulet)
rElec   .          Rampage  .    h - +5 ring of evasion
rCorr   .          Clarity  +    b - ring of willpower
Will    ++...                    i - ring "Qysed" {Drain MP+9 Int+3 SInv}
Stlth   +++++                    w - ring of poison resistance
HPRegen 0.32/turn                K - ring of positive energy
MPRegen 0.29/turn                M - +4 ring of protection
                                 N - ring of flight
                                 t - ring of magical power

@: marked, flying, studying Shields
A: almost no armour, amphibious, 8 rings, camouflage 1, gelatinous body 1,
(nimble swimmer 1), tentacles, clarity, strong-willed 1
a: Renounce Religion, Channel Magic, Forget Spell, Divine Exegesis


You were on level 2 of the Lair of Beasts.
You worshipped Sif Muna.
Sif Muna was extremely pleased with you.
You visited 4 branches of the dungeon, and saw 16 of its levels.

You collected 1510 gold pieces.
You spent 1440 gold pieces at shops.

Inventory:

Hand Weapons
 d - a +0 dagger
 m - a +2 dagger of freezing
 r - a +3 short sword
 x - a +2 dagger of protection (weapon)
Missiles
 c - a curare-tipped dart
 p - a throwing net
Armour
 o - a +2 hat of see invisible (worn)
 q - a +2 kite shield (worn)
Jewellery
 b - a ring of willpower (right tentacle)
 h - a +5 ring of evasion (left tentacle)
 i - the ring "Qysed" (on tentacle) {Drain MP+9 Int+3 SInv}
   (You acquired it on level 4 of the Dungeon)

   [ring of see invisible]

   Int:       It affects your intelligence (+3).
   MP:        It affects your magic capacity (+9).
   SInv:      It lets you see invisible.
   Drain:     It drains your maximum health when unequipped.
 t - a ring of magical power (on tentacle)
 w - a ring of poison resistance (on tentacle)
 H - a ring of ice
 K - a ring of positive energy (on tentacle)
 M - a +4 ring of protection (on tentacle)
 N - a ring of flight (on tentacle)
 O - a ring of see invisible
Wands
 l - a wand of iceblast (1)
 C - a wand of flame (39)
 E - a wand of charming (14)
 G - a wand of quicksilver (8)
Scrolls
 e - 2 scrolls of amnesia
 g - 3 scrolls of enchant weapon
 j - 2 scrolls of magic mapping
 s - a scroll of butterflies
 y - a scroll of poison
 B - 5 scrolls of teleportation
 F - 2 scrolls of fog
 L - a scroll of torment
Potions
 a - 4 potions of magic
 f - 3 potions of attraction
 n - 2 potions of degeneration
 v - a potion of berserk rage
 z - a potion of might
 A - 2 potions of invisibility


   Skills:
 + Level 2.7 Fighting
 + Level 3.6 Short Blades
 + Level 5.1 Dodging
 + Level 9.6 Stealth
 * Level 4.4 Shields
 + Level 10.6 Spellcasting
 * Level 8.6 Conjurations
 + Level 2.2 Hexes
 + Level 1.9 Summonings
 + Level 0.1 Translocations
 + Level 10.7 Fire Magic
 + Level 4.3 Air Magic
 + Level 1.6 Poison Magic
 * Level 7.9 Invocations
 + Level 1.3 Evocations


You had 10 spell levels left.
You knew the following spells:

 Your Spells              Type           Power      Damage    Failure   Level
a - Foxfire               Conj/Fire      100%       2x1d9     1%          1
b - Arcjolt               Conj/Air       22%        1d32      26%         5
c - Inner Flame           Hex/Fire       45%        N/A       2%          3
d - Flame Wave            Conj/Fire      58%        2d14      2%          4
e - Scorch                Fire           100%       2d10      1%          2
f - Vhi's Electric Charg  Tloc/Air       48%        N/A       16%         3
g - Mephitic Cloud        Conj/Pois/Air  37%        N/A       5%          3
h - Call Imp              Summ           23%        N/A       9%          2

Your spell library contained the following spells:

 Spells                   Type           Power      Damage    Failure   Level
 Magic Dart               Conj           100%       1d8       1%          1
 Static Discharge         Conj/Air       90%        2-6/arc   1%          2
 Kindle Blastsparks       Fire/Tloc/Air  76%        2d16      4%          3
 Cigotuvi's Dreadful Rot  Necr/Pois/Air  46%        N/A       9%          2
 Tukima's Dance           Hex            24%        N/A       16%         3
 Portal Projectile        Hex/Tloc       38%        N/A       24%         3
 Lightning Bolt           Conj/Air       22%        1d38      26%         5
 Dispel Undead            Necr           13%        3d9       78%         4
 Blade Hands              Tmut           6%         N/A       98%         5
 Iron Shot                Conj/Erth      17%        9d4       98%         6
 Death Channel            Necr           6%         N/A       100%        6
 Animate Armour           Summ/Erth      Unusable   N/A       N/A         4

Dungeon Overview and Level Annotations

Branches:
Dungeon (11/15)            Temple (1/1) D:6            Lair (2/5) D:10
    Orc (2/2) D:11            Elf (0/3) Orc:2
  Swamp: Lair:2-3    Shoals: Lair:2-3     Snake: Lair:2-3    Spider: Lair:2-3

Altars:
Ashenzari
Cheibriados
Dithmenos
Elyvilon
Fedhas
Gozag
Hepliaklqana
Kikubaaqudgha
Makhleb
Nemelex Xobeh
Okawaru
Qazlal
Ru
Sif Muna
Trog
Uskayaw
Vehumet
Wu Jian
Xom
Yredelemnul
Zin
The Shining One

Shops:
D:6 (   D:11 [(   Orc:2 =*[(:

Annotations:
D:4 2 transporters, Pascal76's ghost, novice MiBe
D:9 1 runed translucent door
D:11 1 runed translucent door
Lair:1 Erica; Urug


Innate Abilities, Weirdness & Mutations

You cannot wear most types of armour.
You are amphibious.
You can wear up to eight rings at the same time.
Your skin changes colour to match your surroundings (Stealth+).
Your rubbery body absorbs attacks. (AC +1, EV +1)
((You are camouflaged when in or above water. (Stealth+)))
You have tentacles for arms and can constrict up to eight enemies at once.
You possess an exceptional clarity of mind.
You are strong-willed. (Will+)


Message History

The skyshark is engulfed in blazing flames.
Flame seeps out of the skyshark.
The wolf is engulfed in blazing flames.
Flame seeps out of the wolf.
The skyshark is engulfed in blazing flames.
Flame seeps out of the skyshark.
You block the wyvern's attack.
The yak is engulfed in blazing flames.
Flame seeps out of the yak.
The wyvern attacks as you move away! The wyvern closely misses you.
A water moccasin comes into view.
Found a stone staircase leading down.
The wolf is engulfed in blazing flames.
Sif Muna accepts your kill.
The wolf explodes!
Sif Muna accepts your kill.
You feel a bit more experienced.
The skyshark is engulfed in blazing flames.
Flame seeps out of the skyshark.
A yak comes into view. x2
The yak is engulfed in blazing flames.
Flame seeps out of the yak.
Casting: Mephitic Cloud (dangerous; 5% risk of failure)
Confirm with . or Enter, or press ? or * to list all spells.
You conjure some foxfire!
The skyshark completely misses you. You block the skyshark's attack.
The skyshark closely misses you. The wyvern bites you!
You block the skyshark's attack. The skyshark misses you.
You block the skyshark's attack. The wyvern bites you!
* * * LOW HITPOINT WARNING * * *
The yak is engulfed in blazing flames.
Flame seeps out of the yak.
The elephant is engulfed in blazing flames.
The yak is engulfed in blazing flames.
The wyvern attacks as you move away! The wyvern barely misses you.
A cane toad comes into view.
The foxfire hits the wyvern.
Flame seeps out of the wyvern.
The wyvern is lightly wounded.
The foxfire hits the wyvern.
Flame seeps out of the wyvern.
The wyvern is moderately wounded.
A blink frog comes into view.
The wyvern is engulfed in blazing flames.
Flame seeps out of the wyvern.
The yak is engulfed in blazing flames.
A yak comes into view.
The elephant is engulfed in blazing flames.
The skyshark bites you!!
You die...

...#### #....## ##...#.
####.#+.## .......
#####.....§§§## .
......###P......Y..§§§## ...
......##....P.....Y§.+§#h....
......##...##......§§§F.Y....
.........###....YY..Y##......
......#### ##........# .....
.......# #...@l○..# ....
......## #P...Sl...# ...
......# ##....Y...# #.
......# ##.#..+### .P#P###
##.Y.. .#### ##Y..# .# ....#
.# Y...F ..


You could see a skyshark (berserk, inner flame), an elephant, 8 yaks, a cane
toad, a blink frog, a water moccasin and a wyvern (inner flame).

Vanquished Creatures
  An orc warlord (Orc:2)
  A hydra (Lair:2)
  4 orc high priests (Orc:2)
  Amaemon (D:10)
  A deep elf pyromancer (Orc:1)
  3 orc knights
  A deep elf zephyrmancer (Orc:1)
  4 orc sorcerers
  A manticore (D:11)
  2 cyclopes
  A black mamba (Lair:2)
  6 cane toads
  An orange demon (D:10)
  5 komodo dragons
  A rime drake (Lair:1)
  Psyche (D:9)
  3 trolls
  A polar bear (Lair:2)
  A shadow (D:10)
  A wraith (D:11)
  Sigmund (D:6)
  3 wyverns
  A vampire (D:10)
  Grum (D:11)
  11 yaks
  A steam dragon (D:4)
  2 wargs (Orc:2)
  8 water moccasins
  2 sky beasts (D:8)
  3 ice beasts
  22 orc warriors
  A swamp drake (Orc:1)
  A black bear (D:5)
  5 ogres
  6 wolves
  4 centaurs
  A kobold brigand (D:7)
  7 bullfrogs
  2 scorpions (D:5)
  9 wights
  18 killer bees
  3 howler monkeys (D:9)
  An electric eel (Lair:1)
  A lava snake (D:7)
  A crimson imp (Orc:1)
  4 hounds
  3 jellies
  15 orc priests
  An iron imp (Orc:1)
  3 sleepcaps
  2 iguanas
  28 orc wizards
  A mummy (D:8)
  A gnoll (D:2)
  2 adders (D:4)
  2 shadow imps
  6 white imps
  2 ufetubi (D:4)
  A dart slug (D:5)
  6 worms
  77 orcs
  4 bats
  7 endoplasms
  5 giant cockroaches
  9 goblins
  6 hobgoblins
  12 jackals
  10 kobolds
  4 quokkas
  7 ball pythons
  2 frilled lizards
  4 rats
  A bush (Lair:2)
380 creatures vanquished.

Vanquished Creatures (collateral kills)
  An orc knight (Orc:2)
  An orc warrior (Orc:2)
  An electric eel (Lair:1)
  A lava snake (Lair:1)
  An orc (Orc:2)
  8 foxfires (D:2)
13 creatures vanquished.

Vanquished Creatures (others)
  2 orc wizards (Orc:2)
  An endoplasm (D:4)
  2 jackals (D:4)
  A bush (Lair:2)
  942 foxfires
  6 fungi
  10 plants
964 creatures vanquished.

Grand Total: 1357 creatures vanquished

Notes
Turn   | Place    | Note
-------+----------+-------------------------------------------
     0 | D:1      | Conn the Octopode Fire Elementalist began the quest for the
                  | Orb.
     0 | D:1      | Reached XP level 1. HP: 11/11 MP: 3/3
   214 | D:1      | Reached XP level 2. HP: 13/17 MP: 1/5
  1077 | D:2      | You fall into a shaft and drop 2 floors!
  1081 | D:4      | Found a transporter.
  1117 | D:3      | Reached XP level 3. HP: 21/21 MP: 0/6
  1693 | D:2      | Reached XP level 4. HP: 27/27 MP: 1/7
  2516 | D:3      | Reached skill level 1 in Short Blades
  2636 | D:3      | Reached XP level 5. HP: 31/31 MP: 4/9
  2958 | D:4      | Noticed a steam dragon
  2980 | D:4      | Identified a scroll of acquirement
  2980 | D:4      | Acquired the ring "Qysed" {Drain MP+9 Int+3 SInv}
  2994 | D:4      | Reached XP level 6. HP: 20/37 MP: 7/10
  3109 | D:3      | Learned a level 2 spell: Scorch
  3113 | D:3      | Learned a level 3 spell: Inner Flame
  3118 | D:3      | Learned a level 4 spell: Flame Wave
  3125 | D:4      | Found a radiant altar of Vehumet.
  3229 | D:4      | Killed a steam dragon
  3396 | D:4      | Found a transporter.
  3400 | D:4      | Noticed Pascal76's ghost (novice MiBe)
  3603 | D:4      | Reached skill level 5 in Stealth
  3603 | D:4      | Reached XP level 7. HP: 42/42 MP: 12/12
  3766 | D:5      | Entered Level 5 of the Dungeon
  4166 | D:5      | Reached skill level 5 in Fire Magic
  4267 | D:5      | Reached XP level 8. HP: 47/47 MP: 13/14
  4869 | D:6      | Reached skill level 5 in Spellcasting
  5021 | D:6      | Found a staircase to the Ecumenical Temple.
  5030 | Temple   | Entered the Ecumenical Temple
  5039 | Temple   | Became a worshipper of Sif Muna the Loreminder
  5096 | D:6      | Found Yczugit's Weapon Shop.
  5435 | D:6      | Reached skill level 1 in Fighting
  5444 | D:6      | Reached XP level 9. HP: 33/53 MP: 2/18
  5680 | D:6      | Noticed Sigmund
  5687 | D:6      | Killed Sigmund
  5998 | D:7      | Reached * piety under Sif Muna
  6012 | D:7      | Found a shimmering altar of Xom.
  6506 | D:7      | Found a burning altar of Makhleb.
  6815 | D:7      | Found a hide-covered altar of Uskayaw.
  7536 | D:8      | Found a snail-covered altar of Cheibriados.
  7633 | D:8      | Reached XP level 10. HP: 60/60 MP: 21/21
  7955 | D:9      | Noticed Psyche
  7959 | D:9      | Killed Psyche
  7960 | D:9      | Reached skill level 5 in Conjurations
  8045 | D:9      | Learned a level 5 spell: Arcjolt
  8091 | D:9      | Reached ** piety under Sif Muna
  8214 | D:9      | Found a hazy altar of Hepliaklqana.
  8448 | D:9      | Noticed a sixfirhy
  8449 | D:9      | Found a runed translucent door.
  8569 | D:9      | Reached skill level 1 in Air Magic
  8569 | D:9      | Reached skill level 1 in Invocations
  8729 | D:9      | Found an ancient bone altar of Kikubaaqudgha.
  8731 | D:9      | Found an iron altar of Okawaru.
  8900 | D:9      | Found an opulent altar of Gozag.
  8900 | D:9      | Found a sparkling altar of Nemelex Xobeh.
  8989 | D:10     | Entered Level 10 of the Dungeon
  9026 | D:10     | Found a glowing golden altar of the Shining One.
  9122 | D:10     | Found a staircase to the Lair.
  9252 | D:10     | Noticed an orange demon
  9254 | D:10     | Noticed Amaemon
  9286 | D:10     | Killed Amaemon
  9286 | D:10     | Killed an orange demon
  9287 | D:10     | Reached skill level 1 in Hexes
  9692 | D:10     | Reached XP level 11. HP: 66/66 MP: 23/23
 10389 | D:11     | Found a runed translucent door.
 10508 | D:11     | Noticed a manticore
 10513 | D:11     | Killed a manticore
 10636 | D:11     | Found Xebboen's Weapon Shop.
 10653 | D:11     | Noticed a cyclops
 10656 | D:11     | Killed a cyclops
 10732 | D:11     | Found a staircase to the Orcish Mines.
 10893 | D:11     | Found Mergheurph's Antique Armour Boutique.
 11084 | D:11     | Noticed Grum
 11093 | D:11     | Killed Grum
 11218 | D:11     | Noticed a +2 demon blade of draining
 11218 | D:11     | Noticed a +2 demon whip of draining
 11219 | D:11     | Noticed a +1 vampiric demon trident
 11240 | D:11     | Learned a level 3 spell: Vhi's Electric Charge
 11278 | Orc:1    | Entered Level 1 of the Orcish Mines
 11296 | Orc:1    | Noticed an orc knight
 11330 | Orc:1    | Reached *** piety under Sif Muna
 11351 | Orc:1    | Killed an orc knight
 11639 | Orc:1    | Noticed a deep elf pyromancer
 11639 | Orc:1    | Noticed a deep elf zephyrmancer
 11645 | Orc:1    | Killed a deep elf zephyrmancer
 11649 | Orc:1    | Killed a deep elf pyromancer
 11872 | Orc:1    | Learned a level 3 spell: Mephitic Cloud
 11875 | Orc:1    | Learned a level 2 spell: Call Imp
 12009 | Orc:1    | Reached skill level 5 in Invocations
 12073 | Orc:1    | Noticed an orc sorcerer
 12075 | Orc:1    | Noticed a cyclops
 12078 | Orc:1    | Killed an orc sorcerer
 12085 | Orc:1    | Killed a cyclops
 12474 | Orc:2    | Entered Level 2 of the Orcish Mines
 12516 | Orc:2    | Found Ygrurer's Self-Improvement Boutique.
 12791 | Orc:2    | Found a staircase to the Elven Halls.
 12830 | Orc:2    | Reached **** piety under Sif Muna
 12854 | Orc:2    | Noticed an orc warlord
 12861 | Orc:2    | Noticed an orc knight
 12871 | Orc:2    | HP: 4/99 [orc warlord/+3 war axe of freezing (5)]
 12879 | Orc:2    | Noticed an orc knight
 12885 | Orc:2    | Noticed an orc high priest
 12887 | Orc:2    | Gained mutation: You are strong-willed. (Will+) [potion of
                  | mutation]
 12887 | Orc:2    | Gained mutation: You possess an exceptional clarity of
                  | mind. [potion of mutation]
 12887 | Orc:2    | Killed an orc knight
 12888 | Orc:2    | Reached XP level 12. HP: 29/72 MP: 25/25
 12894 | Orc:2    | Killed an orc high priest
 12896 | Orc:2    | Killed an orc warlord
 13471 | Orc:2    | Reached skill level 10 in Fire Magic
 13938 | Orc:2    | Reached skill level 10 in Spellcasting
 14086 | Orc:2    | Noticed an orc high priest
 14092 | Orc:2    | Killed an orc high priest
 14216 | Orc:2    | Reached ***** piety under Sif Muna
 14435 | Orc:2    | Bought a manual of Shields for 1120 gold pieces
 14603 | Orc:2    | Noticed an orc high priest
 14620 | Orc:2    | Killed an orc high priest
 14621 | Orc:2    | Reached skill level 1 in Shields
 14639 | Orc:2    | Noticed an orc high priest
 14652 | Orc:2    | Killed an orc high priest
 14722 | Orc:2    | Found Voylaiqu's General Store.
 14723 | Orc:2    | Found Masadiwaez's Jewellery Shoppe.
 14725 | Orc:2    | Found Rucuxzei's Antique Armour Emporium.
 14725 | Orc:2    | Found Imnimn's Antique Weapon Emporium.
 14898 | Orc:2    | Bought a ring of magical power for 320 gold pieces
 15095 | Lair:1   | Entered Level 1 of the Lair of Beasts
 15141 | Lair:1   | Reached skill level 1 in Poison Magic
 15150 | Lair:1   | Reached skill level 1 in Evocations
 15484 | Lair:1   | Received a gift from Sif Muna
 15530 | Lair:1   | Noticed Erica
 15545 | Lair:1   | HP: 3/72 [poisoned by Erica (bolt of poison)]
 15887 | Lair:1   | Reached XP level 13. HP: 48/76 MP: 27/27
 15890 | Lair:1   | Reached skill level 1 in Summonings
 15897 | Lair:1   | Noticed Urug
 16114 | Lair:2   | Reached skill level 5 in Dodging
 16359 | Lair:2   | Slain by a skyshark

Illustrated notes

Levels and vault maps discovered:
D:1:      mushboom_english_gardens, layout_loops_corners, corexii_corridor_pit
D:2:      layout_loops_cross, cheibrodos_gnoll_hut
D:3:      layout_rooms
D:4:      layout_cave_pools, nicolae_vehumet_radiance,
          gammafunk_ghost_stat_death, nicolae_figureground_sparkle
D:5:      layout_cave_pods
D:6:      layout_cave_pods, minmay_temple_entry_mist, serial_shops,
          nicolae_lakefront_shop, uniq_sigmund
D:7:      layout_loops_corners, lightli_temple_of_fire,
          nicolae_uskayaw_suspiria, xom_teletrap_fun, grunt_ministairs_11
D:8:      layout_cave_pools, slow_altar_1
D:9:      cheibrodos_shockbox, layout_irregular_city,
          mainiacjoe_overflow_cross_hatched, grunt_temple_overflow_opulence,
          jmf_multi_god_temple, uniq_psyche
D:10:     layout_stronghold, lemuel_round_altar, david_lair_shrubbed,
          uniq_amaemon
D:11:     layout_gridville, david_orc_2, serial_shops, shop,
          kennysheep_little_box, nicolae_danse_macabre, uniq_grum
Temple:   minmay_freezing_vapour_temple
Lair:1:   layout_cellular_growth, nicolae_lair_liquid_snakes,
          serial_bayou_shore_b, serial_bayou_shore_b, grunt_megastairs_3,
          uniq_urug, uniq_erica
Lair:2:   layout_roguey, swamp_mist, nicolae_snake_entry_warm_welcome
Orc:1:    layout_diamond_mine, hangedman_minor_magic
Orc:2:    st_orc_congregation, layout_diamond_mine, basic_altar,
          nicolae_shop_self_help

Skill      XL: |  1  2  3  4  5  6  7  8  9 10 11 12 13 |
---------------+----------------------------------------+-----
Stealth        | 3 4 5 6 8 9 |  9.6
Short Blades   | 1 2 3 |  3.6
Spellcasting   | 3 4 6 7 8 9 10 | 10.6
Conjurations   | 2 3 4 5 7 8 |  8.6
Fire Magic     | 4 5 6 7 8 9 10 | 10.7
Dodging        | 3 4 5 |  5.1
Fighting       | 1 2 |  2.7
Air Magic      | 2 4 |  4.3
Invocations    | 3 5 7 |  7.9
Hexes          | 1 2 |  2.2
Shields        | 3 4 |  4.4
Poison Magic   | 1 |  1.6
Evocations     | 1 |  1.3
Summonings     | 1 |  1.9
Translocations | |  0.1

Action                     |  1- 3 |  4- 6 |  7- 9 | 10-12 | 13-15 || total
---------------------------+-------+-------+-------+-------+-------++-------
  Melee: Dagger            |    33 |    40 |    58 |    98 |    11 ||   240
         Tentacles         |    10 |     7 |    14 |    23 |     2 ||    56
         Constrict         |    10 |    12 |    16 |    18 |     2 ||    58
         Punch             |       |     2 |     1 |     3 |       ||     6
   Cast: Foxfire           |    58 |    90 |   117 |   269 |     5 ||   539
         Inner Flame       |       |     1 |     2 |    27 |       ||    30
         Scorch            |       |       |    18 |    90 |    11 ||   119
         Flame Wave        |       |       |     6 |    30 |     5 ||    41
         Mephitic Cloud    |       |       |       |     9 |     2 ||    11
         Vhi's Electric Ch |       |       |       |     4 |       ||     4
         Arcjolt           |       |       |       |     1 |       ||     1
         Call Imp          |       |       |       |    10 |       ||    10
 Invoke: Channel Magic     |       |       |       |     1 |       ||     1
  Evoke: Wand              |       |       |     1 |    12 |       ||    13
    Use: Scroll            |       |     9 |     1 |    15 |     1 ||    26
         Potion            |       |     3 |     2 |    12 |       ||    17
   Stab: Sleeping          |     7 |     6 |    13 |    10 |     3 ||    39
         Confused          |       |       |       |     1 |       ||     1
 Armour: Skin              |     5 |     6 |     6 |    41 |     7 ||    65
  Dodge: Dodged            |    30 |    40 |    56 |   151 |    23 ||   300
  Block: Kite shield       |       |       |       |    12 |    19 ||    31

Table legend: (Time is in decaauts)
 A = Elapsed time spent in this place.
 B = Non-inter-level travel time spent in this place.
 C = Inter-level travel time spent in this place.
 D = Time resting spent in this place.
 E = Time spent auto-exploring this place.
 F = Levels seen in this place.
 G = Mean time per level.
                   A        B        C        D        E       F      G
               +--------+--------+--------+--------+--------+-----+--------+
         Total |  16297 |  15798 |    499 |    411 |  11103 |  16 | 1018.6 |
       Dungeon |  11481 |  11142 |    339 |     51 |   8626 |  11 | 1043.7 |
        Temple |     14 |     14 |      0 |      0 |      0 |   1 |   14.0 |
          Lair |   1077 |   1077 |      0 |    115 |    571 |   2 |  538.5 |
  Orcish Mines |   3723 |   3564 |    159 |    245 |   1906 |   2 | 1861.5 |
               +--------+--------+--------+--------+--------+-----+--------+

Top non-repeatable levels by time:
   Orc:2: 2217 daAuts
   Orc:1: 1506 daAuts
    D:10: 1364 daAuts
     D:7: 1247 daAuts
    D:11: 1189 daAuts
     D:5: 1093 daAuts
     D:9: 1081 daAuts
     D:6: 1076 daAuts
     D:2: 1072 daAuts
     D:1: 1040 daAuts
     D:4: 899 daAuts
     D:3: 716 daAuts
     D:8: 700 daAuts
  Lair:1: 626 daAuts
  Lair:2: 450 daAuts
